 Dungeon Crawl Stone Soup version 0.15-a0-53-g5e01d95 (webtiles) character file.

65491 mukavva the Crack Shot (level 14, -4/129 HPs)
             Began as a Centaur Hunter on Apr 3, 2014.
             Was a High Priest of Okawaru.
             Slain by a jiangshi (14 damage)
             ... led by a vampire mage
             ... on Level 1 of the Abyss on Apr 4, 2014.
             The game lasted 04:41:25 (26688 turns).

mukavva the Crack Shot (Centaur Hunter)            Turns: 26688, Time: 04:41:27

HP  -4/129       AC 22     Str 23      XL: 14   Next: 74%
MP  12/12        EV  9     Int  7      God: Okawaru [*****.]
Gold 214         SH  0     Dex 12      Spells:  1 memorised, 13 levels left

rFire  + . .     SeeInvis .     Z - +5,+4 longbow (evade)
rCold  + . .     Clarity  .     f - +2 plate armour {MR+}
rNeg   . . .     Conserve .     (no shield)
rPois  +         rCorr    +     C - +2 helmet of Dithmenos' Whim {Str+4 Int-3}
rElec  .         rRot     .     J - +0 cloak {rPois}
SustAb . .       Spirit   .     F - +0 pair of gloves
rMut   .         Warding  .     (no barding)
Saprov . . .     Stasis   .     j - amulet of Trush {rCorr rC+ Dex+1}
MR     ++...                    E - ring of protection from fire
                                q - +3 ring of protection

@: heavily drained, very quick, very resistant to hostile enchantments,
extremely unstealthy
A: hooves 3, deformed body, herbivore 1, speed 2, fast metabolism 1, low mp 1,
tough skin 3
a: Heroism, Finesse, Renounce Religion


You were on level 1 of the Abyss.
You worshipped Okawaru.
Okawaru was extremely pleased with you.
You were hungry.

You visited 4 branches of the dungeon, and saw 21 of its levels.
You visited the Abyss 1 time.

You collected 1461 gold pieces.
You spent 1247 gold pieces at shops.

Inventory:

Hand weapons
 Z - a +5,+4 longbow of evasion (weapon)
Missiles
 c - 85 arrows (quivered)
 d - 49 arrows of frost
 M - 16 arrows of dispersal
 Y - 11 poisoned arrows
Armour
 f - a +2 plate armour of magic resistance (worn)
 p - a +1 cloak of darkness
 C - the +2 helmet of Dithmenos' Whim (worn) {Str+4 Int-3}
   (You bought it in a shop on level 4 of the Orcish Mines)

   It affects your strength (+4).
   It affects your intelligence (-3).
 F - a +0 pair of gloves (worn)
 J - a +0 cloak of poison resistance (worn)
Magical devices
 a - a wand of slowing (8)
 k - a wand of fireball (0)
 u - a wand of disintegration (7)
 w - a wand of slowing (17)
 x - a wand of cold (6)
 A - a wand of fire (6)
 D - a wand of frost (15)
 O - a wand of digging (9)
 P - a wand of flame (6)
 Q - a wand of fire (8)
 R - a wand of cold (7)
 S - a wand of cold (6)
Scrolls
 l - 10 scrolls of remove curse
 n - a scroll of teleportation
 s - a scroll of identify
 t - a scroll of blinking
 y - 3 scrolls of noise
 H - a scroll of vulnerability
Jewellery
 j - the amulet of Trush (around neck) {rCorr rC+ Dex+1}
   (You bought it in a shop on level 4 of the Orcish Mines)

   [amulet of resist corrosion]

   It protects you from acid and corrosion.
   It affects your dexterity (+1).
   It protects you from cold.
 q - a +3 ring of protection (left hand)
 E - a ring of protection from fire (right hand)
Potions
 e - a potion of strong poison
 h - 3 potions of haste
 i - 8 potions of heal wounds
 m - a potion of invisibility
 o - 2 potions of agility
 r - 4 potions of might
 v - 2 potions of curing
 z - 3 potions of restore abilities
 K - a potion of brilliance
 W - 2 potions of resistance
Miscellaneous
 b - a fan of gales


   Skills:
 + Level 13.0(11.3) Fighting
 * Level 22.9(20.8) Bows
 + Level 9.3(7.8) Armour
 - Level 1.3(0.1) Dodging
 - Level 0.5(0.0) Stealth
 - Level 1.1(0.0) Spellcasting


You had 13 spell levels left.
You knew the following spells:

 Your Spells              Type           Power        Failure   Level  Hunger
b - Swiftness             Chrm/Air       #.......     100%        2    ###....


Dungeon Overview and Level Annotations

Branches:
Dungeon (15/15)            Temple (1/1) D:7             Orc (4/4) D:11
    Elf (1/3) Orc:4          Lair (0/8) D:11         Vaults (0/5) D:14
 Depths (0/5) D:15

Altars:
Ashenzari
Cheibriados
Dithmenos
Elyvilon
Fedhas
Kikubaaqudgha
Makhleb
Nemelex Xobeh
Okawaru
Sif Muna
Trog
Vehumet
Xom
Yredelemnul
Zin
The Shining One
Beogh

Shops:
D:6 *   D:11 [(   Orc:4 (*=[

Annotations:
D:15 Louise


Innate Abilities, Weirdness & Mutations

You have hooves in place of feet.
Armour fits poorly on your strangely shaped body.
You digest meat inefficiently.
You cover ground very quickly.
You have a fast metabolism.
You have extremely tough skin (AC +3).
Your magical capacity is low (-10% MP).


Message History

The jiangshi closely misses you.
Drink which item? (? for menu, Esc to quit)
You feel better. The jiangshi barely misses you.
The jiangshi claws you but does no damage. x2
The jiangshi closely misses you.
Drink which item? (? for menu, Esc to quit)
You feel better. The jiangshi claws you.
* * * LOW HITPOINT WARNING * * *
The jiangshi draws strength from your injuries!
The jiangshi claws you!
* * * LOW HITPOINT WARNING * * *
The jiangshi draws strength from your injuries!
Drink which item? (? for menu, Esc to quit)
You feel better.
The jiangshi claws you but does no damage.
The jiangshi claws you!
* * * LOW HITPOINT WARNING * * *
The jiangshi draws strength from your injuries!
The jiangshi claws you!
You die...

#.# #V ###
.V # #@# .
.# ##V##
#.# VD#.
##
###(#..##
# (....# #
((...#...#
#(.
##..#.# #
##...## .
##.#(#D.##
#


You could see a bone dragon and 2 jiangshi.

Vanquished Creatures
  2 tentacled starspawn (Abyss:1)
  Maud (D:15)
  A draconian knight (Abyss:1)
  An orc warlord (Orc:4)
  5 starcursed masses (Abyss:1)
  Fannar (D:10)
  Harold (Orc:1)
  A rakshasa (Abyss:1)
  3 hydras
  Erica (D:13)
  The ghost of ghwc the Thaumaturge, a powerful DsVM of Vehumet (D:10)
  2 vampire magi
  A tengu warrior (D:14)
  Urug (Orc:4)
  An orc high priest (Orc:4)
  Nergalle (D:13)
  5 centaur warriors
  Erolcha (D:13)
  A very ugly thing (Abyss:1)
  An unseen horror (D:12)
  3 large abominations (Abyss:1)
  2 skeletal warriors (D:15)
  3 ball lightnings (D:12)
  5 orc knights
  3 hill giants
  5 orc sorcerers
  Joseph (D:7)
  A necromancer (D:15)
  A stone giant zombie (D:15)
  5 cyclopes
  A fire giant skeleton (Abyss:1)
  A dire elephant zombie (D:15)
  2 gargoyles
  An item mimic (D:15)
  A feature mimic (D:10)
  A centaur zombie (D:15)
  A death yak zombie (D:15)
  A tengu conjurer (D:14)
  2 ancient zymes (Abyss:1)
  A hydra zombie (D:11)
  6 trolls
  6 slime creatures (D:12)
  A boggart (shapeshifter) (D:14)
  3 ravens (D:14)
  8 two-headed ogres
  4 raiju (Abyss:1)
  A fire dragon zombie (Abyss:1)
  2 ynoxinuls (Abyss:1)
  A wyvern (D:13)
  19 yaks
  4 deep elf magi
  3 shadows
  2 wraiths
  Eustachio (D:6)
  10 vampire mosquitoes
  3 hungry ghosts
  5 ugly things
  An orc skeleton (Orc:4)
  A wolf (D:10)
  3 hippogriffs
  A necrophage (D:14)
  A hell hound (Abyss:1)
  Edmund (D:8)
  4 mottled dragons
  Menkaure (D:6)
  A warg (shapeshifter) (D:10)
  3 wargs (Orc:4)
  21 orc warriors
  A glowing shapeshifter skeleton (D:15)
  An ice beast (D:4)
  2 giant goldfish (D:10)
  6 sky beasts
  21 ogres
  2 phantoms
  5 small abominations (Abyss:1)
  A yellow wasp (D:12)
  8 centaurs
  A black bear (D:9)
  2 big kobolds
  12 giant frogs
  A brain worm (Abyss:1)
  Blork the orc (D:8)
  12 insubstantial wisps (D:12)
  A gnoll sergeant (D:7)
  14 killer bees
  3 scorpions
  A cyclops skeleton (D:15)
  A yak zombie (D:8)
  An eye of draining (D:12)
  3 electric eels (D:10)
  5 jellies
  16 wights
  6 goliath beetles
  9 crimson imps
  10 hounds
  15 orc priests
  A two-headed ogre zombie (D:9)
  Crazy Yiuf (D:7)
  A giant frog skeleton (D:11)
  26 orc wizards
  5 iguanas
  A quasit (D:5)
  9 worker ants
  2 ogre zombies
  Ijyb (D:4)
  A crocodile skeleton (D:10)
  A mummy (D:14)
  2 hound zombies
  A hound skeleton (D:9)
  3 green rats
  13 gnolls
  A giant mite (D:2)
  4 shadow imps
  18 adders
  An inept feature mimic (D:6)
  2 white imps
  4 worms
  9 ufetubi
  An iguana skeleton (D:5)
  An adder skeleton (D:7)
  3 giant eyeballs
  2 oozes
  113 orcs
  A ball python (D:1)
  17 bats
  4 giant cockroaches
  20 goblins
  21 hobgoblins
  5 jackals
  28 kobolds
  7 quokkas
  3 giant geckos
  6 giant newts
  A giant spore (D:14)
  3 hobgoblin skeletons
  2 kobold skeletons
  11 orc zombies
  12 rats
  A rat skeleton (D:8)
  7 ballistomycetes
  4 butterflies (D:5)
  A starspawn tentacle (Abyss:1)
732 creatures vanquished.

Vanquished Creatures (others)
  An insubstantial wisp (D:12)
  A giant spore (D:11)
  7 fungi (D:11)
  2 plants (D:11)
  4 starspawn tentacles (Abyss:1)
  8 starspawn tentacle segments (Abyss:1)
23 creatures vanquished.

Grand Total: 755 creatures vanquished

Notes
Turn   | Place    | Note
--------------------------------------------------------------
     0 | D:1      | mukavva, the Centaur Hunter, began the quest for the Orb.
     0 | D:1      | Reached XP level 1. HP: 16/16 MP: 1/1
   264 | D:1      | Reached XP level 2. HP: 23/23 MP: 2/2
   328 | D:1      | Reached skill level 6 in Bows
  1127 | D:2      | Reached XP level 3. HP: 28/28 MP: 3/3
  1216 | D:2      | Found a shattered altar of Ashenzari.
  1220 | D:2      | Reached skill level 7 in Bows
  1657 | D:2      | Reached XP level 4. HP: 25/35 MP: 3/3
  2082 | D:2      | Found a deep blue altar of Sif Muna.
  2122 | D:2      | Found an iron altar of Okawaru.
  2132 | D:2      | Became a worshipper of Warmaster Okawaru
  2470 | D:3      | Found a shattered altar of Ashenzari.
  2475 | D:3      | Reached skill level 8 in Bows
  2827 | D:3      | Noticed an ogre
  2831 | D:3      | Killed an ogre
  2831 | D:3      | Reached skill level 9 in Bows
  2831 | D:3      | Reached XP level 5. HP: 40/40 MP: 4/4
  2881 | D:3      | Found a basalt altar of Yredelemnul.
  2881 | D:3      | Found a white marble altar of Elyvilon.
  2882 | D:3      | Found a glowing silver altar of Zin.
  3088 | D:3      | Acquired Okawaru's first power
  3299 | D:4      | Noticed a hungry ghost
  3332 | D:3      | Killed a hungry ghost
  3332 | D:3      | Reached skill level 10 in Bows
  3332 | D:3      | Reached XP level 6. HP: 47/47 MP: 5/5
  3377 | D:4      | Learned a level 2 spell: Repel Missiles
  3380 | D:4      | Learned a level 2 spell: Swiftness
  3382 | D:4      | Learned a level 1 spell: Shock
  3554 | D:4      | Found a radiant altar of Vehumet.
  4055 | D:4      | Reached skill level 1 in Spellcasting
  4085 | D:4      | Noticed Ijyb
  4093 | D:4      | Killed Ijyb
  4218 | D:4      | Reached XP level 7. HP: 53/53 MP: 7/7
  4509 | D:5      | Entered Level 5 of the Dungeon
  4691 | D:5      | Found a shadowy altar of Dithmenos.
  4791 | D:5      | Got a faintly glowing robe
  4806 | D:5      | Reached skill level 11 in Bows
  4816 | D:5      | Found a shimmering altar of Xom.
  4824 | D:5      | Identified the cursed -4 robe of Hairiness {+Rage MR+} (You found it on level 5 of the Dungeon)
  5832 | D:6      | Reached XP level 8. HP: 63/63 MP: 8/8
  5876 | D:6      | Reached skill level 12 in Bows
  6014 | D:6      | Found a basalt altar of Yredelemnul.
  6088 | D:6      | Found Psaofaro's General Store.
  6091 | D:6      | Bought a potion of heal wounds for 36 gold pieces
  6091 | D:6      | Bought a potion of curing for 24 gold pieces
  6162 | D:6      | Noticed Eustachio
  6189 | D:6      | Killed Eustachio
  6340 | D:6      | Reached skill level 13 in Bows
  6417 | D:6      | Received a gift from Okawaru
  6462 | D:6      | Reached skill level 5 in Fighting
  6462 | D:6      | Reached skill level 1 in Armour
  6603 | D:6      | Noticed Menkaure
  6609 | D:6      | Killed Menkaure
  6609 | D:6      | Reached XP level 9. HP: 74/74 MP: 10/10
  6685 | D:6      | Found a bloodstained altar of Trog.
  7481 | D:7      | Reached skill level 14 in Bows
  7661 | D:7      | Noticed Crazy Yiuf
  7663 | D:7      | Killed Crazy Yiuf
  7690 | D:7      | Noticed Joseph
  7703 | D:7      | Killed Joseph
  7853 | D:7      | Acquired Okawaru's second power
  8293 | D:7      | Found a staircase to the Ecumenical Temple.
  8306 | Temple   | Entered the Ecumenical Temple
  9016 | D:8      | Noticed Blork the orc
  9024 | D:8      | Killed Blork the orc
  9024 | D:8      | Reached skill level 15 in Bows
  9093 | D:8      | Noticed Edmund
  9102 | D:8      | Killed Edmund
  9102 | D:8      | Received a gift from Okawaru
  9111 | D:8      | Reached XP level 10. HP: 71/84 MP: 10/10
  9463 | D:8      | Got a jewelled dagger
 10205 | D:9      | Received a gift from Okawaru
 10444 | D:9      | Identified the +6,+5 dagger "Maug" {pain, Contam rPois rC+} (You found it on level 8 of the Dungeon)
 10462 | D:9      | Gained mutation: Your magical capacity is low (-10% MP). [mutagenic glow]
 10843 | D:9      | Identified a +0 rod of shadows (12/12) (You found it on level 9 of the Dungeon)
 10883 | D:9      | Found a snail-covered altar of Cheibriados.
 11333 | D:9      | Received a gift from Okawaru
 11341 | D:9      | Reached skill level 16 in Bows
 11525 | D:9      | Noticed an ogre mage
 12209 | D:9      | Got a dazzling dagger
 12489 | D:10     | Entered Level 10 of the Dungeon
 12597 | D:10     | Reached XP level 11. HP: 87/94 MP: 9/9
 12879 | D:10     | Noticed ghwc's ghost (powerful DsVM)
 12892 | D:10     | Killed ghwc's ghost
 12892 | D:10     | Reached skill level 17 in Bows
 12892 | D:10     | Reached skill level 5 in Armour
 13185 | D:10     | Found a staircase to the Lair.
 13197 | D:10     | Received a gift from Okawaru
 13198 | D:10     | the staircase to the Lair was a mimic.
 13805 | D:10     | Noticed Fannar
 13829 | D:10     | Killed Fannar
 14342 | D:11     | Found a staircase to the Lair.
 14609 | D:11     | Received a gift from Okawaru
 14707 | D:11     | Received a gift from Okawaru
 14707 | D:11     | Reached skill level 18 in Bows
 15054 | D:11     | Found Kaschasa's Weapon Shop.
 15054 | D:11     | Found a staircase to the Orcish Mines.
 15054 | D:11     | Found Teifoit Tir's Armour Shop.
 15934 | D:12     | Noticed a centaur warrior
 15951 | D:11     | Reached XP level 12. HP: 67/106 MP: 10/10
 16092 | D:12     | Killed a centaur warrior
 16356 | D:12     | Noticed a hill giant
 16371 | D:12     | Killed a hill giant
 16371 | D:12     | Reached skill level 10 in Fighting
 16615 | D:12     | Reached skill level 19 in Bows
 16667 | D:12     | Received a gift from Okawaru
 17116 | D:12     | Killed an unseen horror
 17541 | D:12     | Noticed a ball lightning
 17542 | D:12     | Killed a ball lightning
 17546 | D:12     | Noticed a ball lightning
 17547 | D:12     | Killed a ball lightning
 17559 | D:12     | Noticed a ball lightning
 17559 | D:12     | Killed a ball lightning
 18109 | D:13     | Noticed Erica
 18133 | D:13     | Killed Erica
 18250 | D:13     | Noticed Erolcha
 18251 | D:13     | Paralysed by Erolcha for 5 turns
 18261 | D:13     | Killed Erolcha
 18261 | D:13     | Reached skill level 20 in Bows
 18411 | D:13     | Noticed Nergalle
 18423 | D:13     | Killed Nergalle
 18589 | D:13     | Reached XP level 13. HP: 116/116 MP: 11/11
 18846 | Orc:1    | Entered Level 1 of the Orcish Mines
 18987 | Orc:2    | Noticed Harold
 19009 | Orc:1    | Killed Harold
 19302 | Orc:3    | Found a deep blue altar of Sif Muna.
 19492 | Orc:4    | Entered Level 4 of the Orcish Mines
 19527 | Orc:4    | Found a staircase to the Elven Halls.
 19784 | Orc:4    | Received a gift from Okawaru
 20201 | Orc:4    | Noticed Urug
 20212 | Orc:4    | Killed Urug
 20821 | Orc:4    | Noticed an orc warlord
 20856 | Orc:4    | Killed an orc warlord
 21098 | Orc:4    | Found a roughly hewn altar of Beogh.
 21136 | Orc:4    | Found Kezenate's Antique Armour Shoppe.
 21152 | Orc:4    | Found Isyvoury's General Store.
 21227 | Orc:4    | Found Klecuoce's Jewellery Shoppe.
 21354 | Orc:4    | Received a gift from Okawaru
 21527 | Orc:4    | Found Geraf's Antique Weapon Shoppe.
 21567 | Orc:4    | Bought a heavily runed helmet for 332 gold pieces
 21574 | Orc:4    | Identified the +2 helmet of Dithmenos' Whim {Str+4 Int-3} (You bought it in a shop on level 4 of the Orcish Mines)
 21817 | Orc:4    | Bought the amulet of Trush {rCorr rC+ Dex+1} for 505 gold pieces
 21817 | Orc:4    | Bought an uncursed ring of protection from fire for 350 gold pieces
 21866 | Elf:1    | Entered Level 1 of the Elven Halls
 22196 | D:14     | Reached skill level 21 in Bows
 22534 | D:14     | Received a gift from Okawaru
 23140 | D:14     | Found a gate to the Vaults.
 24314 | D:14     | Upgraded the game from 0.15-a0-39-g424acf8 to 0.15-a0-53-g5e01d95
 24346 | D:15     | Entered Level 15 of the Dungeon
 24367 | D:15     | Reached XP level 14. HP: 113/126 MP: 12/12
 24931 | D:15     | Reached skill level 22 in Bows
 24950 | D:15     | Found a staircase to the Depths.
 25521 | D:15     | Noticed Maud
 25565 | D:15     | Killed Maud
 25565 | D:15     | Received a gift from Okawaru
 25725 | D:15     | Noticed Louise
 25735 | D:15     | Cast into the Abyss (Louise)
 25916 | Abyss:1  | Noticed a pale draconian knight
 25953 | Abyss:1  | Killed a pale draconian knight
 26409 | Abyss:1  | Paralysed by accursed screaming for 1 turns
 26555 | Abyss:1  | Noticed a tentacled starspawn
 26565 | Abyss:1  | Killed a tentacled starspawn
 26613 | Abyss:1  | Noticed a tentacled starspawn
 26626 | Abyss:1  | Killed a tentacled starspawn
 26668 | Abyss:1  | Noticed a bone dragon
 26688 | Abyss:1  | Slain by a jiangshi

Action                   |  1- 3 |  4- 6 |  7- 9 | 10-12 | 13-15 || total
-------------------------+-------+-------+-------+-------+-------++-------
Melee: Bow               |       |     2 |       |     2 |       ||     4
 Fire: Bow               |    76 |   181 |   408 |   795 |       ||  1460
       Longbow           |       |       |       |    41 |   983 ||  1024
Throw: Throwing net      |       |       |       |       |     2 ||     2
Invok: Heroism           |       |       |     2 |    10 |    12 ||    24
       Finesse           |       |       |       |       |     2 ||     2
 Abil: Evoke Berserk Rag |       |       |     1 |       |       ||     1
Evoke: Wand              |       |       |     9 |     2 |     2 ||    13
  Use: Scroll            |     9 |     9 |     8 |    18 |     6 ||    50
       Potion            |       |       |       |     8 |     8 ||    16
